 Dungeon Crawl Stone Soup version 0.26-a0-651-gb41185065b (webtiles) character file.

Game seed: 3014309810325032089

50 kae the Ruffian (level 3, -12/28 HPs)
             Began as a Draconian Transmuter on Oct 28, 2020.
             Mangled by Terence
             ... wielding a +7 falchion of venom
              (13 damage)
             ... on level 2 of the Dungeon.
             The game lasted 00:01:04 (1890 turns).

kae the Ruffian (Draconian Transmuter)              Turns: 1890, Time: 00:01:05

Health: -12/28     AC:  5    Str: 13    XL:     3   Next: 55%
Magic:  6/6        EV: 12    Int: 13    God:
Gold:   74         SH:  0    Dex: 11    Spells: 0/6 levels left

rFire    . . .     SeeInvis .     - Unarmed
rCold    . . .     Faith    .   (no shield)
rNeg     . . .     Spirit   .   (armour unavailable)
rPois    .         Reflect  .   (helmet restricted)
rElec    .         Harm     .   (no cloak)
rCorr    .         Rampage  .   (no gloves)
MR       .....                  (no boots)
Stlth    +.........             (no amulet)
HPRegen  0.09/turn              (no ring)
MPRegen  0.10/turn              (no ring)

@: lethally poisoned (-12 -> -18)
A: unfitting armour, cold-blooded, AC +5
a: no special abilities


You were on level 2 of the Dungeon.
You visited 1 branch of the dungeon, and saw 2 of its levels.

You collected 74 gold pieces.

Inventory:

Scrolls
 a - a scroll of noise {unknown}
 b - 2 scrolls of remove curse {unknown}
 f - a scroll of identify {unknown}
 g - a scroll of enchant armour {unknown}
 h - a scroll of amnesia {unknown}
 i - a scroll of magic mapping {unknown}
Potions
 d - a potion of flight {unknown}
 e - a potion of curing {unknown}


   Skills:
 - Level 1.1 Fighting
 - Level 1.7 Dodging
 + Level 3.9 Unarmed Combat
 - Level 2.0 Spellcasting
 + Level 3.1 Transmutations


You couldn't memorise any spells.
You knew the following spells:

 Your Spells              Type           Power        Failure   Level
a - Beastly Appendage     Tmut           #.....       7%          1
b - Wereblood             Tmut           #.......     11%         2
c - Spider Form           Tmut/Pois      #.........   38%         3

Your spell library contained the following spells:

 Spells                   Type           Power        Failure   Level
 Ice Form                 Ice/Tmut       #.......     80%         4
 Blade Hands              Tmut           #.........   89%         5


Dungeon Overview and Level Annotations

Branches:
Dungeon (2/15)

Altars:
Sif Muna
Yredelemnul

Annotations:
D:2 Terence


Innate Abilities, Weirdness & Mutations

Your plain brown scales are hard. (AC +5)
You cannot fit into any form of body armour.
You are cold-blooded and may be slowed by cold attacks.


Message History

Terence hits you with a +7 falchion of venom.
* * * LOW HITPOINT WARNING * * *
You are lethally poisoned!
* * * LOW HITPOINT WARNING * * *
You feel sick.
* * * LOW HITPOINT WARNING * * *
You feel sick.
* * * LOW HITPOINT WARNING * * *
You feel sick.
* * * LOW HITPOINT WARNING * * *
You feel sick.
* * * LOW HITPOINT WARNING * * *
You feel sick.
* * * LOW HITPOINT WARNING * * *
You feel sick.
It was a potion of cancellation.
You feel magically purged.
* * * LOW HITPOINT WARNING * * *
You feel sick.
Terence hits you with a +7 falchion of venom!
You die...

###.## #.####.#.#..# #.# ....#
...........# #)# ###.#
#..........# #.# #.# #.###...####
#.# #.# ##.....#####.# #g#
.#.>..........# #.#
#>........####.# #.###
######.......# #.# ###.#.##
#.@@........#####)##
#....#.#######.#####........(...#
..........g..g.## #.#####.###..#
........)).>....# #.# #.# #..#
#....##########.# #.# #.###..#
#....# #.####.# #....#.# #.#.##
#....#.# #.###..# #.#.#
#######.#)# #.# .# #.#.#
......(.#.#####.# .#


You could see Terence and a goblin.

Vanquished Creatures
  An adder (D:2)
  3 worms (D:2)
  A giant cockroach (D:2)
  9 goblins
  A hobgoblin (D:1)
  9 bats
  3 frilled lizards
  3 kobolds
  5 rats
35 creatures vanquished.

Notes
Turn   | Place    | Note
-------+----------+-------------------------------------------
     0 | D:1      | kae the Draconian Transmuter began the quest for the Orb.
     0 | D:1      | Reached XP level 1. HP: 16/16 MP: 3/3
   458 | D:1      | Reached XP level 2. HP: 23/23 MP: 3/5
  1245 | D:2      | Reached XP level 3. HP: 8/28 MP: 3/6
  1701 | D:2      | Learned a level 2 spell: Wereblood
  1705 | D:2      | Learned a level 3 spell: Spider Form
  1786 | D:2      | Found a faded altar of an unknown god.
  1786 | D:2      | Found a shimmering blue altar of Sif Muna.
  1806 | D:2      | Found a basalt altar of Yredelemnul.
  1806 | D:2      | Noticed Terence
  1890 | D:2      | HP: 1/28 [poisoned by Terence]
  1890 | D:2      | Mangled by Terence

Illustrated notes

Levels and vault maps discovered:
D:1:      dpeg_arrival_rhombi, layout_basic
D:2:      layout_loops_ring, chequers_temple_overflow_minitemple, uniq_terence

Skill      XL: |  1  2  3 |
---------------+----------+-----
Transmutations | 3 |  3.1
Fighting       | |  1.1
Dodging        | |  1.7
Unarmed Combat | |  3.9
Spellcasting   | |  2.0

Action                   || total
-------------------------++-------
Melee: Unarmed           ||   115
       Kick              ||    10
       Tailslap          ||     4
       Punch             ||     1
       Headbutt          ||     4
 Cast: Beastly Appendage ||    20
  Use: Potion            ||     2
 Stab: Sleeping          ||     2
Armor: Skin              ||    35
Dodge: Dodged            ||    97

Table legend: (Time is in decaauts)
 A = Elapsed time spent in this place.
 B = Non-inter-level travel time spent in this place.
 C = Inter-level travel time spent in this place.
 D = Time resting spent in this place.
 E = Time spent auto-exploring this place.
 F = Levels seen in this place.
 G = Mean time per level.
                   A        B        C        D        E       F      G
               +--------+--------+--------+--------+--------+-----+--------+
         Total |   1881 |   1862 |     19 |    396 |   1128 |   2 |  940.5 |
       Dungeon |   1881 |   1862 |     19 |    396 |   1128 |   2 |  940.5 |
               +--------+--------+--------+--------+--------+-----+--------+

Top non-repeatable levels by time:
     D:1: 1005 daAuts
     D:2: 876 daAuts
